 Dungeon Crawl Stone Soup version 0.28.0-53-g5a82cb258f (webtiles) character file.

Game seed: 1495665077985188048

6123 concernfroge the Thaumaturge (level 10, -9/50 HPs)
             Began as a Deep Elf Conjurer on June 18, 2022.
             Was an Initiate of Vehumet.
             Mangled by a wyvern (18 damage)
             ... on level 8 of the Dungeon.
             The game lasted 00:44:30 (10331 turns).

concernfroge the Thaumaturge (Deep Elf Conjurer)   Turns: 10331, Time: 00:44:31

Health: -9/50      AC:  4    Str:  4    XL:     10   Next: 59%
Magic:  5/26       EV:  8    Int: 28    God:    Vehumet [......]
Gold:   270        SH:  0    Dex: 11    Spells: 15/29 levels left

rFire   + + +      SeeInvis .   (no weapon)
rCold   . . .      Faith    .   (no shield)
rNeg    . . .      Spirit   .   a - +0 robe
rPois   +          Reflect  .   u - +0 hat {Will+}
rElec   +          Harm     .   l - +0 cloak
rCorr   .          Rampage  .   h - +0 pair of gloves
Will    ++...                   (no boots)
Stlth   ++++......              (no amulet)
HPRegen 0.16/turn               n - ring "Xafan" {rElec rPois rF+++ Dex-2 Slay-2}
MPRegen 0.20/turn               (no ring)

@: held, hasted, very quick
A: no striking features
a: Renounce Religion


You were on level 8 of the Dungeon.
You worshipped Vehumet.
Vehumet was noncommittal.
You visited 2 branches of the dungeon, and saw 9 of its levels.

You collected 270 gold pieces.

Inventory:

Missiles
 k - 4 throwing nets
Armour
 a - a +0 robe (worn)
 h - a +0 pair of gloves (worn)
 l - a +0 cloak (worn)
 u - a +0 hat of willpower (worn)
Jewellery
 n - the ring "Xafan" (left hand) {rElec rPois rF+++ Dex-2 Slay-2}
   (You acquired it on level 5 of the Dungeon)

   [ring of poison resistance]

   Dex:       It affects your dexterity (-2).
   Slay:      It affects your accuracy & damage with ranged weapons and melee
   (-2).
   rF:        It renders you almost immune to fire.
   rElec:     It insulates you from electricity.
   rPois:     It protects you from poison.
 v - an amulet of regeneration
 w - a +6 ring of dexterity
Wands
 i - a wand of mindburst (14)
 q - a wand of polymorph (6)
 r - a wand of iceblast (15)
 t - a wand of acid (7)
Scrolls
 b - a scroll of brand weapon
 d - 2 scrolls of identify
 f - a scroll of enchant weapon
 j - a scroll of torment
 m - 2 scrolls of enchant armour
Potions
 c - a potion of lignification
 e - a potion of mutation
 g - a potion of curing
 p - a potion of haste
 s - a potion of attraction


   Skills:
 - Level 8.8 Dodging
 - Level 9.6 Stealth
 + Level 10.1 Spellcasting
 + Level 9.2 Conjurations
 + Level 8.8 Hexes
 + Level 1.5 Evocations


You had 15 spell levels left.
You knew the following spells:

 Your Spells              Type           Power      Damage    Failure   Level
a - Magic Dart            Conj           100%       1d8       1%          1
b - Searing Ray           Conj           100%       2d8       1%          2
c - Dazzling Flash        Conj/Hex       100%       N/A       1%          3
d - Fulminant Prism       Conj/Hex       30%        3d16      1%          4
e - Iskenderun's Mystic   Conj/Tloc      40%        2d9       6%          4

Your spell library contained the following spells:

 Spells                   Type           Power      Damage    Failure   Level
 Ensorcelled Hibernation  Hex/Ice        78%        N/A       1%          2
 Passwall                 Tmut/Erth      11%        N/A       6%          2
 Anguish                  Hex/Necr       19%        N/A       6%          4
 Spider Form              Tmut/Pois      14%        N/A       12%         3
 Swiftness                Air            14%        N/A       12%         3
 Animate Armour           Summ/Erth      28%        N/A       36%         4
 Iron Shot                Conj/Erth      20%        9d5       67%         6
 Blade Hands              Tmut           7%         N/A       73%         5


Dungeon Overview and Level Annotations

Branches:
Dungeon (8/15)             Temple (1/1) D:4
   Lair: D:8-11

Altars:
Ashenzari
Cheibriados
Dithmenos
Fedhas
Gozag
Hepliaklqana
Kikubaaqudgha
Makhleb
Nemelex Xobeh
Okawaru
Qazlal
Ru
Sif Muna
Trog
Uskayaw
Vehumet
Wu Jian
Xom
Yredelemnul
Zin
The Shining One

Shops:
D:7 [


Message History

Aim: a centaur, wielding a +0 shortbow and quivering arrows (100% to hit)
The magic dart hits the centaur.
The centaur is lightly wounded.
The centaur shoots an arrow.
The arrow hits you!
The centaur shoots an arrow.
The arrow closely misses you.
You start resting.
The centaur shoots an arrow.
The arrow misses you.
As you read the scroll of teleportation, it crumbles to dust.
You feel strangely unstable.
The centaur shoots an arrow.
The arrow closely misses you.
Okay, then.
Aiming: Polymorph
Press: ? - help, Shift-Dir - straight line, f/p - centaur
Aim: a centaur, wielding a +0 shortbow and quivering arrows (lightly wounded, will become a warg, a bullfrog, or a rat, chance to affect: 52%)
The centaur resists with significant effort.
The centaur shoots an arrow.
The arrow hits you! The yak closely misses you.
The centaur shoots an arrow.
The arrow hits you!
A shadow comes into view.
The centaur shoots an arrow.
The arrow misses you. The yak completely misses you.
You feel better. The yak gores you!
Your surroundings suddenly seem different.
A gnoll sergeant, a gnoll and a wyvern come into view.
A gnoll comes into view. It is wielding a +0 whip.
You feel yourself speed up.
The gnoll throws a throwing net.
The throwing net hits you.
You become entangled in the net!
Casting: Magic Dart (safe; 1% risk of failure)
Confirm with . or Enter, or press ? or * to list all spells.
Aiming: Fulminant Prism (dangerous; 1% risk of failure)
Press: ? - help, Dir - move target You conjure a prism of explosive energy!
A fulminant prism comes into view.
You hear an angry hiss.
A gnoll comes into view.
It is wielding the +7 falchion "Trog's Outrage" {vamp, +Blink rElec Will- Dex+9}.
You struggle against the net.
You struggle against the net.
The gnoll sergeant hits you from afar with a +0 spear!
* * * LOW HITPOINT WARNING * * *
The wyvern hisses menacingly.
The wyvern bites you!!
You die...

# #. #.. ##
.... #. # .
.....###. .#...
........#......
#......@l......
#.......#.#...#
.....g.## # #
......* ......g
.....g. ....g..
.......


You could see a wyvern, a gnoll sergeant, 3 gnolls and a friendly fulminant
prism.

Vanquished Creatures
  Harold (D:7)
  A hydra (D:7)
  A two-headed ogre (D:7)
  Pikel (D:6)
  A centaur zombie (D:7)
  Maggie (D:6)
  A kobold demonologist (D:7)
  A troll (D:8)
  Prince Ribbit (D:5)
  A vampire (D:6)
  2 yaks (D:8)
  A steam dragon (D:4)
  Edmund (D:6)
  4 ice beasts
  3 ogres
  A black bear (D:6)
  2 necrophages
  3 lemures (D:6)
  A kobold brigand (D:7)
  2 scorpions
  A water moccasin skeleton (D:4)
  2 jellies
  A bullfrog zombie (D:7)
  4 orc priests
  3 hounds
  A centaur skeleton (D:7)
  3 iguanas
  3 orc wizards (D:4)
  2 killer bee zombies
  A hound zombie (D:5)
  10 adders
  8 gnolls
  A howler monkey skeleton (D:5)
  A shadow imp (D:4)
  4 worms
  4 dart slugs
  10 orcs
  7 ball pythons
  6 endoplasms
  3 giant cockroaches
  4 goblins
  4 hobgoblins
  3 jackals (D:3)
  4 quokkas
  4 bats
  3 frilled lizards
  10 kobolds
  2 rats
  A fulminant prism (D:6)
140 creatures vanquished.

Vanquished Creatures (others)
  33 fulminant prisms
33 creatures vanquished.

Grand Total: 173 creatures vanquished

Notes
Turn   | Place    | Note
-------+----------+-------------------------------------------
     0 | D:1      | concernfroge the Deep Elf Conjurer began the quest for the
                  | Orb.
     0 | D:1      | Reached XP level 1. HP: 10/10 MP: 6/6
   262 | D:1      | Reached XP level 2. HP: 15/15 MP: 1/8
   326 | D:1      | Learned a level 2 spell: Searing Ray
   452 | D:1      | Found a faded altar of an unknown god.
  1326 | D:2      | Reached XP level 3. HP: 19/19 MP: 6/10
  1702 | D:2      | Found a hazy altar of Hepliaklqana.
  2293 | D:3      | Learned a level 3 spell: Dazzling Flash
  2591 | D:3      | Reached XP level 4. HP: 24/24 MP: 7/11
  2721 | D:3      | Reached skill level 4 in Spellcasting
  2808 | D:3      | Reached skill level 5 in Conjurations
  3256 | D:3      | Reached XP level 5. HP: 28/28 MP: 2/13
  3482 | D:4      | Reached skill level 1 in Hexes
  3598 | D:4      | Learned a level 4 spell: Fulminant Prism
  3862 | D:4      | Reached XP level 6. HP: 32/32 MP: 9/15
  4041 | D:4      | Reached skill level 5 in Spellcasting
  4448 | D:4      | Noticed a steam dragon
  4459 | D:4      | Killed a steam dragon
  4460 | D:4      | Reached skill level 5 in Stealth
  4639 | D:4      | Reached XP level 7. HP: 36/36 MP: 12/17
  4795 | D:4      | Learned a level 4 spell: Iskenderun's Mystic Blast
  5234 | D:4      | Found a staircase to the Ecumenical Temple.
  5358 | D:5      | Entered Level 5 of the Dungeon
  5364 | D:5      | Reached skill level 5 in Dodging
  5364 | D:5      | Identified a scroll of acquirement
  5364 | D:5      | Acquired the ring "Xafan" {rElec rPois rF+++ Dex-2 Slay-2}
  5542 | D:5      | Reached skill level 6 in Spellcasting
  5782 | D:5      | Noticed Prince Ribbit
  5793 | D:5      | Killed Prince Ribbit
  5816 | D:5      | Reached XP level 8. HP: 41/41 MP: 7/19
  6777 | D:6      | Reached skill level 7 in Spellcasting
  6777 | D:6      | Reached skill level 5 in Hexes
  6944 | D:6      | Noticed Maggie
  6946 | D:6      | Noticed Pikel
  6950 | D:6      | Killed Pikel
  7108 | D:6      | Killed Maggie
  7109 | D:6      | Reached XP level 9. HP: 40/45 MP: 10/22
  7119 | D:6      | Noticed Edmund
  7264 | D:6      | Killed Edmund
  7265 | D:6      | Reached skill level 8 in Spellcasting
  8011 | D:7      | Found Usiden's Armour Boutique.
  8056 | D:7      | Noticed a two-headed ogre
  8065 | D:7      | Killed a two-headed ogre
  8428 | D:7      | Noticed a six-headed hydra
  8473 | D:7      | Killed a six-headed hydra
  8474 | D:7      | Reached skill level 9 in Spellcasting
  8474 | D:7      | Reached XP level 10. HP: 30/50 MP: 2/25
  8710 | D:7      | Noticed Harold
  8723 | D:7      | Killed Harold
  9605 | Temple   | Entered the Ecumenical Temple
 10159 | Temple   | Became a worshipper of Vehumet
 10313 | D:8      | Reached skill level 10 in Spellcasting
 10313 | D:8      | Reached skill level 1 in Evocations
 10329 | D:8      | Identified the +7 falchion "Trog's Outrage" {vamp, +Blink
                  | rElec Will- Dex+9}
 10331 | D:8      | Mangled by a wyvern

Illustrated notes

Levels and vault maps discovered:
D:1:      dpeg_arrival_arbitrary_a, layout_basic,
          shapermc_ecumenical_altar_starsandcircs
D:2:      layout_basic, basic_altar, minmay_misc_feat_iff
D:3:      layout_loops_corners
D:4:      layout_loops_corners, minmay_temple_entry_from_below_b
D:5:      layout_loops_ring, gup_sewer_entry_spiral, uniq_prince_ribbit1
D:6:      layout_cave_pools, uniq_maggie, uniq_edmund, uniq_pikel
D:7:      layout_loops_ring, nicolae_stop_n_shop_2, uniq_harold
D:8:      layout_cave_pools, kennysheep_generic_room_6, uniq_joseph,
          uniq_maurice
Temple:   mainiacjoe_temple_starburst

Skill      XL: |  1  2  3  4  5  6  7  8  9 10 |
---------------+-------------------------------+-----
Stealth        | 3 4 5 6 7 9 |  9.6
Dodging        | 3 4 5 6 8 |  8.8
Spellcasting   | 4 5 6 7 9 10 | 10.1
Conjurations   | 5 6 7 8 9 |  9.2
Hexes          | 1 2 4 6 7 8 |  8.8
Evocations     | 1 |  1.5

Action                   |  1- 3 |  4- 6 |  7- 9 | 10-12 || total
-------------------------+-------+-------+-------+-------++-------
 Cast: Magic Dart        |    69 |    60 |    80 |    25 ||   234
       Searing Ray       |     6 |    27 |    45 |    15 ||    93
       Fulminant Prism   |       |     2 |    25 |     8 ||    35
       Dazzling Flash    |       |     1 |     2 |       ||     3
Evoke: Wand              |       |       |     7 |    10 ||    17
  Use: Scroll            |       |     4 |    13 |     1 ||    18
       Potion            |       |     1 |     5 |     2 ||     8
Armor: Robe              |       |     1 |     7 |    14 ||    22
Dodge: Dodged            |       |    10 |    28 |    28 ||    66
